 Dungeon Crawl Stone Soup version 0.18.1-48-g4cf74bf (webtiles) character file.

95 raph the Chiller (level 4, 0/30 HPs)
             Began as a Merfolk Ice Elementalist on July 8, 2016.
             Slain by a jackal (2 damage)
             ... on level 2 of the Dungeon.
             The game lasted 00:03:14 (1460 turns).

raph the Chiller (Merfolk Ice Elementalist)         Turns: 1460, Time: 00:03:15

Health: 0/30       AC:  3    Str:  9    XL:     4   Next: 66%
Magic:  5/7        EV: 13    Int: 14    God:
Gold:   82         SH:  0    Dex: 14    Spells: 3 memorised, 1 level left

rFire  . . .     SeeInvis .     j - +0 spear
rCold  . . .     Gourm    .     a - +0 robe
rNeg   . . .     Faith    .     (no shield)
rPois  .         Spirit   .     (no helmet)
rElec  .         Dismiss  .     h - +0 cloak
rCorr  .         Reflect  .     (no gloves)
SustAt .         Harm     .     (no boots)
MR     .....                    (no amulet)
Stlth  ++........               (no ring)
                                (no ring)

@: not resistant to hostile enchantments, unstealthy
A: change form in water, swift swim
a: no special abilities


You were on level 2 of the Dungeon.
You were not hungry.

You visited 1 branch of the dungeon, and saw 2 of its levels.

You collected 82 gold pieces.

Inventory:

Hand Weapons
 j - a +0 spear (weapon)
Armour
 a - a +0 robe (worn)
 h - a +0 cloak (worn)
Scrolls
 e - 2 scrolls of enchant armour {unknown}
 g - a scroll of identify {unknown}
 k - a scroll of remove curse {unknown}
 l - a scroll of recharging {unknown}
Potions
 f - 2 potions of lignification {unknown}
Books
 b - a book of Frost

   Spells                             Type                      Level
   a - Freeze                         Ice                          1
   b - Throw Frost                    Conjuration/Ice              2
   c - Ozocubu's Armour               Charms/Ice                   3
   d - Throw Icicle                   Conjuration/Ice              4
   e - Summon Ice Beast               Ice/Summoning                4
Comestibles
 c - 2 bread rations
 d - a slice of pizza
 i - a chunk of flesh
 m - 3 fruits


   Skills:
 + Level 0.2 Fighting
 * Level 0.4 Polearms
 + Level 2.8 Dodging
 - Level 2.1 Stealth
 - Level 2.0 Spellcasting
 - Level 0.7 Conjurations
 - Level 5.6 Ice Magic


You had one spell level left.
You knew the following spells:

 Your Spells              Type           Power        Failure   Level  Hunger
a - Freeze                Ice            ###.         2%          1    ##.....
b - Throw Frost           Conj/Ice       ##....       12%         2    ###....
c - Ozocubu's Armour      Chrm/Ice       #.......     24%         3    ####...


Dungeon Overview and Level Annotations

Branches:
Dungeon (2/15)

Altars:


Message History

You miss the jackal.
The jackal is moderately wounded.
The jackal misses you. The jackal barely misses you.
The jackal closely misses you. The jackal bites you.
You closely miss the jackal.
The jackal is moderately wounded.
The jackal bites you. The jackal misses you.
You barely miss the jackal.
The jackal is moderately wounded.
The jackal barely misses you. The jackal bites you.
* * * LOW HITPOINT WARNING * * *
The jackal barely misses you. The jackal bites you.
* * * LOW HITPOINT WARNING * * *
The jackal bites you.
* * * LOW HITPOINT WARNING * * *
The jackal bites you.
* * * LOW HITPOINT WARNING * * *
The jackal closely misses you. The jackal bites you.
You die...

.... #... ##. ... ###...##..
.......... .. ..........##
###..# .....##....#####....#
........##..hh@.<#
.##........#...###
................#
......>†.######..# .....###.####
#..## ####
.....###....###...#### #...
.....................########...
....h#...............)......#...
.........###....................


You could see 2 jackals.

Vanquished Creatures
  A howler monkey (D:1)
  An adder (D:2)
  3 giant geckos
  2 ball pythons (D:1)
  3 bats (D:1)
  4 giant cockroaches (D:1)
  6 goblins
  4 hobgoblins (D:1)
  6 jackals
  3 kobolds
  3 giant newts (D:1)
  6 rats
42 creatures vanquished.

Notes
Turn   | Place    | Note
--------------------------------------------------------------
     0 | D:1      | raph the Merfolk Ice Elementalist began the quest for the Orb.
     0 | D:1      | Reached XP level 1. HP: 13/13 MP: 3/3
   306 | D:1      | Reached XP level 2. HP: 19/19 MP: 1/5
   392 | D:1      | Reached skill level 4 in Ice Magic
   396 | D:1      | Learned a level 2 spell: Throw Frost
   730 | D:1      | Noticed a howler monkey
   746 | D:1      | Killed a howler monkey
   746 | D:1      | Reached skill level 5 in Ice Magic
   746 | D:1      | Reached XP level 3. HP: 16/24 MP: 0/6
   839 | D:1      | Reached XP level 4. HP: 29/30 MP: 5/7
   845 | D:1      | Learned a level 3 spell: Ozocubu's Armour
  1460 | D:2      | Slain by a jackal

Skill      XL: |  1  2 |
---------------+-------+-----
Ice Magic      | 5 |  5.6
Fighting       | |  0.2
Polearms       | |  0.4
Dodging        | |  2.8
Stealth        | |  2.1
Spellcasting   | |  2.0
Conjurations   | |  0.7

Action                   |  1- 3 |  4- 6 || total
-------------------------+-------+-------++-------
Melee: Unarmed           |    12 |       ||    12
       Dagger            |     9 |       ||     9
       Spear             |       |    47 ||    47
 Cast: Freeze            |    32 |    18 ||    50
       Throw Frost       |     2 |    10 ||    12
  Eat: Chunk             |     1 |     3 ||     4
Armor: Robe              |    11 |    19 ||    30
Dodge: Dodged            |    48 |    60 ||   108
